[ AOE2 MATCH · #476183194 ]
UnrankedBohemians vs Georgians
[ REPLAY ANALYSIS · EXTRACTED FROM THE RECORDED GAME ]
Feudal
—
Castle
7:56
Imperial
26:06
| APM avg | 32.1 |
| APM peak | 71 |
| eAPM avg | 27.2 |
| Villagers / military | 467 / 2589 |
Focus
⚔️ 51.3% · 🌾 48.7%
Spearman ×2254 · Bombard Cannon ×326 · Trade Cart ×186 · Hussite Wagon ×9
Feudal
—
Castle
7:48
Imperial
29:08
| APM avg | 36.8 |
| APM peak | 80 |
| eAPM avg | 30.5 |
| Villagers / military | 233 / 3330 |
Focus
⚔️ 45.3% · 🌾 54.7%
Spearman ×1530 · Scout Cavalry ×1025 · Mangonel ×376 · Trade Cart ×151 · Knight ×150 · Scorpion ×114
Feudal
—
Castle
6:26
Imperial
26:52
| APM avg | 14.7 |
| APM peak | 89 |
| eAPM avg | 14.0 |
| Villagers / military | 111 / 1030 |
Focus
⚔️ 64.4% · 🌾 35.6%
Rattan Archer ×384 · Battle Elephant ×253 · Fire Lancer ×170 · Spearman ×158 · Trade Cart ×89 · Scout Cavalry ×64
Feudal
—
Castle
9:53
Imperial
25:33
| APM avg | 30.0 |
| APM peak | 103 |
| eAPM avg | 24.8 |
| Villagers / military | 230 / 1459 |
Focus
⚔️ 21.3% · 🌾 78.7%
Mangonel ×530 · Camel Scout ×506 · Scout Cavalry ×245 · Trade Cart ×108 · Knight ×75 · Battering Ram ×55
Feudal
—
Castle
8:58
Imperial
24:26
| APM avg | 23.6 |
| APM peak | 53 |
| eAPM avg | 18.4 |
| Villagers / military | 186 / 2634 |
Focus
⚔️ 54.4% · 🌾 45.6%
Battle Elephant ×1819 · Spearman ×745 · Trade Cart ×120 · Rattan Archer ×56 · Trebuchet (Packed) ×10 · Mangonel ×3
Feudal
—
Castle
6:48
Imperial
25:47
| APM avg | 24.2 |
| APM peak | 78 |
| eAPM avg | 20.9 |
| Villagers / military | 413 / 2236 |
Focus
⚔️ 50.5% · 🌾 49.5%
Spearman ×1500 · Knight ×554 · Conquistador ×98 · Trade Cart ×89 · Hand Cannoneer ×36 · Bombard Cannon ×26
Feudal
—
Castle
—
Imperial
—
| APM avg | 0.3 |
| APM peak | 11 |
| eAPM avg | 0.2 |
| Villagers / military | 0 / 0 |
Focus
⚔️ 14.3% · 🌾 85.7%
Feudal
—
Castle
7:45
Imperial
17:33
| APM avg | 25.1 |
| APM peak | 58 |
| eAPM avg | 21.2 |
| Villagers / military | 183 / 1462 |
Focus
⚔️ 53.9% · 🌾 46.1%
Scout Cavalry ×700 · Battering Ram ×207 · Trade Cart ×118 · Knight ×109 · Ballista Elephant ×106 · Battle Elephant ×83
Match map
Initial resources + every placement click. Lines = walls · curves = elevation contours. ◆ gold · ⬟ stone · ● berries · ✦ relic · ◌ wall gap
Your base· ✓ Closed at 7:56 · 0t walls · no gate
fx17888's base· ✓ Closed at 7:48 · 9t walls · 4 gate(s)
Lumpercigo's base· ✓ Closed at 6:26 · 0t walls · no gate
打死不投降's base· ✓ Closed at 9:53 · 31t walls · 1 gate(s)
Noobman's base· ✓ Closed at 8:58 · 0t walls · no gate
BubbaBaelor's base· ✓ Closed at 6:48 · 0t walls · no gate
mohitag4563's base· ✓ Closed at 12:00 · 0t walls · 1 gate(s)
eli_1's base· ✓ Closed at 7:45 · 0t walls · no gate
Smoothed initial terrain · ◌ = detected wall gap · hover for details
Inputs per minute
— Ts1ns1n - - fx17888
Build order — Ts1ns1n
First 150 of 1497 actions detected
| 0:10 | Create | Villager (Male) |
| 0:10 | Create | Villager (Male) |
| 0:12 | Create | Villager (Male) |
| 0:47 | Build | Mill |
| 0:48 | Build | Farm |
| 0:48 | Build | Farm |
| 0:48 | Build | Farm |
| 0:49 | Build | Farm |
| 1:26 | Create | Villager (Male) |
| 1:31 | Create | Villager (Male) |
| 1:36 | Build | Farm |
| 1:40 | Build | Farm |
| 1:47 | Build | House |
| 1:48 | Build | House |
| 2:12 | Create | Villager (Male) |
| 2:31 | Build | Farm |
| 2:32 | Build | Farm |
| 2:52 | Build | Farm |
| 3:07 | Build | House |
| 3:09 | Build | House |
| 3:36 | Create | Villager (Male) |
| 3:37 | Create | Villager (Male) |
| 4:02 | Build | Blacksmith |
| 4:05 | Build | Market |
| 4:21 | Build | House |
| 4:24 | Create | Villager (Male) |
| 4:24 | Create | Villager (Male) |
| 4:36 | Research | Double-Bit Axe |
| 5:08 | Research | Castle Age |
| 5:15 | Build | House |
| 5:16 | Build | House |
| 5:18 | Build | House |
| 5:53 | Build | Lumber Camp |
| 6:11 | Research | Horse Collar |
| 6:31 | Build | Mining Camp |
| 6:48 | Build | House |
| 6:50 | Build | House |
| 7:50 | Create | Villager (Male) |
| 7:50 | Create | Villager (Male) |
| 7:51 | Create | Villager (Male) |
| 7:56 | Build | House |
| 7:56 | Age | Castle Age |
| 8:05 | Build | Town Center |
| 8:18 | Build | Town Center |
| 8:28 | Research | Bow Saw |
| 8:30 | Research | Heavy Plow |
| 8:31 | Research | Heavy Plow |
| 8:38 | Build | House |
| 8:38 | Build | House |
| 8:40 | Build | House |
| 8:41 | Build | House |
| 8:41 | Build | House |
| 8:41 | Build | House |
| 8:42 | Build | House |
| 8:46 | Create | Villager (Male) |
| 9:24 | Create | Villager (Male) |
| 9:35 | Create | Villager (Male) |
| 9:36 | Create | Villager (Male) |
| 9:38 | Create | Villager (Male) |
| 9:38 | Create | Villager (Male) |
| 9:38 | Create | Villager (Male) |
| 9:39 | Create | Villager (Male) |
| 9:40 | Create | Villager (Male) |
| 9:41 | Create | Villager (Male) |
| 9:42 | Create | Villager (Male) |
| 9:42 | Create | Villager (Male) |
| 9:43 | Create | Villager (Male) |
| 9:43 | Create | Villager (Male) |
| 9:48 | Build | House |
| 10:13 | Build | Town Center |
| 10:14 | Create | Villager (Male) |
| 10:15 | Create | Villager (Male) |
| 10:15 | Create | Villager (Male) |
| 10:15 | Create | Villager (Male) |
| 10:45 | Build | Town Center |
| 10:47 | Create | Villager (Male) |
| 10:53 | Build | House |
| 10:54 | Build | House |
| 11:17 | Build | Farm |
| 11:17 | Build | Farm |
| 11:18 | Build | Farm |
| 11:18 | Build | Farm |
| 11:20 | Build | Farm |
| 11:20 | Build | Farm |
| 11:21 | Build | Farm |
| 11:21 | Build | Farm |
| 11:22 | Build | Farm |
| 11:23 | Build | Farm |
| 11:23 | Build | Farm |
| 11:31 | Build | Farm |
| 11:32 | Create | Villager (Male) |
| 11:32 | Create | Villager (Male) |
| 11:33 | Create | Villager (Male) |
| 11:33 | Create | Villager (Male) |
| 11:33 | Create | Villager (Male) |
| 11:46 | Build | Farm |
| 11:56 | Build | Farm |
| 12:03 | Create | Villager (Male) |
| 12:03 | Create | Villager (Male) |
| 12:04 | Create | Villager (Male) |
| 12:05 | Create | Villager (Male) |
| 12:05 | Create | Villager (Male) |
| 12:11 | Create | Villager (Male) |
| 12:16 | Build | House |
| 12:16 | Build | House |
| 12:17 | Build | House |
| 12:23 | Build | Farm |
| 12:24 | Build | Farm |
| 12:24 | Build | Farm |
| 12:24 | Build | Farm |
| 12:24 | Build | Farm |
| 12:30 | Create | Villager (Male) |
| 12:30 | Create | Villager (Male) |
| 12:30 | Create | Villager (Male) |
| 12:33 | Create | Villager (Male) |
| 12:39 | Create | Villager (Male) |
| 12:45 | Build | Farm |
| 12:48 | Build | Farm |
| 12:48 | Build | Farm |
| 12:48 | Build | Farm |
| 12:49 | Build | Farm |
| 12:55 | Create | Villager (Male) |
| 12:59 | Create | Villager (Male) |
| 13:02 | Create | Villager (Male) |
| 13:08 | Build | Farm |
| 13:08 | Build | Farm |
| 13:08 | Build | Farm |
| 13:09 | Build | Farm |
| 13:09 | Build | Farm |
| 13:14 | Create | Villager (Male) |
| 13:25 | Build | Farm |
| 13:28 | Create | Villager (Male) |
| 13:30 | Create | Villager (Male) |
| 13:36 | Build | Farm |
| 13:43 | Build | Farm |
| 13:43 | Build | Farm |
| 13:44 | Build | Farm |
| 13:44 | Build | Farm |
| 13:44 | Build | Farm |
| 13:54 | Create | Villager (Male) |
| 13:55 | Create | Villager (Male) |
| 13:55 | Create | Villager (Male) |
| 13:55 | Create | Villager (Male) |
| 13:59 | Create | Villager (Male) |
| 14:03 | Build | Farm |
| 14:06 | Build | Farm |
| 14:14 | Build | House |
| 14:15 | Build | House |
| 14:16 | Build | House |
| 14:18 | Create | Villager (Male) |
Build order — fx17888
First 150 of 1495 actions detected
| 0:06 | Research | Wheelbarrow |
| 0:45 | Create | Villager (Male) |
| 0:54 | Create | Villager (Male) |
| 1:07 | Build | Market |
| 1:10 | Create | Villager (Male) |
| 1:34 | Build | House |
| 1:36 | Build | House |
| 1:37 | Build | House |
| 1:38 | Build | House |
| 1:40 | Build | House |
| 1:48 | Create | Villager (Male) |
| 2:01 | Build | Farm |
| 2:06 | Build | Farm |
| 2:20 | Create | Villager (Male) |
| 2:25 | Create | Villager (Male) |
| 2:31 | Build | Farm |
| 2:39 | Build | Farm |
| 3:35 | Create | Villager (Male) |
| 3:43 | Create | Villager (Male) |
| 4:07 | Build | Stone Wall |
| 4:10 | Build | Gate |
| 4:13 | Build | Gate |
| 4:15 | Build | Gate |
| 4:17 | Build | Gate |
| 4:19 | Build | Stone Wall |
| 4:21 | Build | Stone Wall |
| 4:22 | Build | Stone Wall |
| 4:23 | Build | Stone Wall |
| 4:24 | Build | Stone Wall |
| 5:08 | Research | Castle Age |
| 5:41 | Research | Double-Bit Axe |
| 5:48 | Build | Farm |
| 5:56 | Research | Horse Collar |
| 6:57 | Build | Farm |
| 7:00 | Build | Farm |
| 7:02 | Build | Farm |
| 7:40 | Create | Villager (Male) |
| 7:41 | Create | Villager (Male) |
| 7:48 | Age | Castle Age |
| 8:01 | Build | Town Center |
| 8:08 | Build | Town Center |
| 8:24 | Build | Monastery |
| 8:28 | Research | Scale Barding Armor |
| 8:29 | Research | Forging |
| 8:44 | Create | Villager (Male) |
| 9:23 | Create | Monk |
| 9:27 | Build | Barracks |
| 9:31 | Build | Siege Workshop |
| 9:33 | Create | Monk |
| 9:39 | Research | Bow Saw |
| 9:40 | Research | Heavy Plow |
| 9:43 | Create | Villager (Male) ×5 |
| 9:44 | Create | Villager (Male) ×2 |
| 9:44 | Create | Villager (Male) ×2 |
| 9:51 | Create | Villager (Male) |
| 10:02 | Create | Villager (Male) |
| 10:02 | Create | Villager (Male) |
| 10:40 | Create | Battering Ram |
| 10:47 | Build | Outpost |
| 10:53 | Create | Villager (Male) ×5 |
| 10:57 | Create | Villager (Male) |
| 11:05 | Create | Spearman |
| 11:06 | Create | Spearman |
| 11:06 | Create | Spearman |
| 11:20 | Create | Scorpion |
| 11:20 | Create | Scorpion |
| 11:41 | Create | Spearman |
| 12:35 | Create | Battering Ram |
| 12:54 | Build | Watch Tower |
| 13:06 | Create | Monk |
| 13:29 | Create | Monk |
| 13:30 | Create | Monk |
| 14:00 | Build | Mule Cart |
| 14:03 | Research | Hand Cart |
| 14:04 | Research | Town Watch |
| 14:04 | Create | Villager (Male) ×5 |
| 14:05 | Create | Villager (Male) ×2 |
| 14:08 | Create | Villager (Male) |
| 14:43 | Create | Villager (Male) ×2 |
| 14:49 | Create | Villager (Male) |
| 15:40 | Create | Villager (Male) |
| 15:44 | Build | Castle |
| 15:50 | Create | Villager (Male) ×3 |
| 15:59 | Build | Farm |
| 16:00 | Build | Farm |
| 16:06 | Build | House |
| 16:08 | Build | House |
| 16:08 | Build | House |
| 16:09 | Build | House |
| 16:09 | Build | House |
| 16:09 | Build | House |
| 16:10 | Build | House |
| 16:11 | Build | House |
| 16:12 | Build | House |
| 16:13 | Build | House |
| 16:18 | Build | House |
| 16:19 | Build | House |
| 16:20 | Build | House |
| 16:20 | Build | House |
| 16:20 | Build | House |
| 16:21 | Build | House |
| 16:31 | Create | Trade Cart ×5 |
| 16:31 | Create | Trade Cart ×4 |
| 16:58 | Build | Siege Workshop |
| 17:01 | Create | Villager (Male) |
| 17:09 | Build | Market |
| 17:17 | Create | Villager (Male) |
| 17:18 | Create | Villager (Male) |
| 17:18 | Create | Villager (Male) |
| 17:28 | Create | Mangonel |
| 17:31 | Build | Mule Cart |
| 17:34 | Build | Farm |
| 17:40 | Build | Farm |
| 17:41 | Build | Farm |
| 17:43 | Create | Villager (Male) ×5 |
| 17:48 | Create | Villager (Male) |
| 18:05 | Build | University |
| 18:12 | Create | Villager (Male) |
| 18:13 | Create | Villager (Male) |
| 18:13 | Create | Villager (Male) |
| 18:21 | Create | Villager (Male) |
| 18:21 | Create | Villager (Male) |
| 18:35 | Build | Town Center |
| 18:45 | Build | Town Center |
| 18:50 | Create | Villager (Male) ×3 |
| 18:54 | Create | Villager (Male) |
| 18:56 | Create | Villager (Male) |
| 19:07 | Research | Treadmill Crane |
| 19:13 | Build | House |
| 19:15 | Build | House |
| 19:17 | Build | House |
| 19:18 | Build | House |
| 19:19 | Build | House |
| 20:06 | Build | Siege Workshop |
| 20:08 | Build | Siege Workshop |
| 20:11 | Build | Siege Workshop |
| 20:14 | Build | Siege Workshop |
| 20:21 | Build | House |
| 20:22 | Build | House |
| 20:24 | Build | House |
| 20:25 | Build | House |
| 20:26 | Build | House |
| 20:30 | Build | House |
| 20:34 | Create | Villager (Male) ×5 |
| 20:34 | Create | Villager (Male) ×5 |
| 20:34 | Create | Villager (Male) |
| 20:41 | Create | Villager (Male) |
| 20:55 | Build | Mule Cart |
| 21:00 | Create | Villager (Male) |
| 21:07 | Build | House |
Build order — Lumpercigo
First 150 of 1379 actions detected
| 1:19 | Build | Market |
| 1:24 | Build | Lumber Camp |
| 3:46 | Research | Castle Age |
| 4:04 | Research | Horse Collar |
| 5:56 | Research | Double-Bit Axe |
| 6:26 | Age | Castle Age |
| 6:37 | Research | Wheelbarrow |
| 7:00 | Research | Gold Mining |
| 7:04 | Research | Bow Saw |
| 7:18 | Build | Farm |
| 7:24 | Build | Farm |
| 7:52 | Build | Farm |
| 7:58 | Create | Villager (Male) |
| 8:10 | Create | Villager (Male) |
| 8:23 | Research | Heavy Plow |
| 8:28 | Build | Farm |
| 8:32 | Build | Farm |
| 8:37 | Build | Farm |
| 8:45 | Build | Farm |
| 8:50 | Build | House |
| 8:55 | Build | House |
| 8:57 | Build | House |
| 9:05 | Build | Farm |
| 9:09 | Build | Farm |
| 9:15 | Build | Farm |
| 9:19 | Research | Town Watch |
| 9:38 | Build | Town Center |
| 10:03 | Build | Town Center |
| 10:11 | Create | Villager (Male) |
| 10:12 | Create | Villager (Male) |
| 10:28 | Research | Stone Mining |
| 10:36 | Build | Farm |
| 10:53 | Create | Trade Cart |
| 11:04 | Build | Farm |
| 11:09 | Build | Farm |
| 11:19 | Research | Hand Cart |
| 11:21 | Create | Villager (Male) |
| 11:22 | Create | Villager (Male) |
| 12:14 | Create | Villager (Male) |
| 12:38 | Create | Villager (Male) |
| 12:38 | Create | Villager (Male) |
| 12:39 | Create | Villager (Male) |
| 12:39 | Create | Villager (Male) |
| 12:40 | Create | Villager (Male) |
| 12:40 | Create | Villager (Male) |
| 12:40 | Create | Villager (Male) |
| 12:41 | Create | Villager (Male) |
| 12:41 | Create | Villager (Male) |
| 12:50 | Build | University |
| 12:57 | Build | Farm |
| 13:07 | Create | Villager (Male) |
| 13:07 | Create | Villager (Male) |
| 13:08 | Create | Villager (Male) |
| 13:16 | Create | Villager (Male) |
| 13:17 | Create | Villager (Male) |
| 13:17 | Create | Villager (Male) |
| 13:35 | Create | Villager (Male) |
| 13:42 | Build | Farm |
| 14:06 | Build | House |
| 14:11 | Build | House |
| 14:20 | Build | Farm |
| 14:26 | Create | Villager (Male) |
| 14:26 | Create | Villager (Male) |
| 14:33 | Build | Farm |
| 15:05 | Research | Town Patrol |
| 15:11 | Build | Farm |
| 15:15 | Create | Villager (Male) |
| 15:16 | Create | Villager (Male) |
| 15:24 | Create | Villager (Male) |
| 15:25 | Create | Villager (Male) |
| 15:30 | Create | Villager (Male) |
| 15:30 | Create | Villager (Male) |
| 15:30 | Create | Villager (Male) |
| 15:46 | Build | House |
| 15:48 | Build | House |
| 15:56 | Build | Farm |
| 16:05 | Create | Villager (Male) |
| 16:05 | Create | Villager (Male) |
| 16:11 | Create | Villager (Male) |
| 16:11 | Create | Villager (Male) |
| 16:19 | Create | Villager (Male) |
| 16:19 | Create | Villager (Male) |
| 16:20 | Create | Villager (Male) |
| 16:29 | Build | Farm |
| 17:19 | Build | Town Center |
| 17:23 | Build | Farm |
| 17:28 | Build | Farm |
| 17:34 | Build | Farm |
| 17:47 | Create | Villager (Male) |
| 17:48 | Create | Villager (Male) |
| 17:48 | Create | Villager (Male) |
| 18:19 | Build | Lumber Camp |
| 18:31 | Create | Villager (Male) |
| 18:32 | Create | Villager (Male) |
| 18:32 | Create | Villager (Male) |
| 18:32 | Create | Villager (Male) |
| 18:58 | Build | Mining Camp |
| 19:25 | Build | Farm |
| 19:45 | Research | Treadmill Crane |
| 19:48 | Research | Ballistics |
| 19:54 | Research | Murder Holes |
| 19:58 | Build | Farm |
| 20:09 | Research | Fletching |
| 20:11 | Research | Forging |
| 20:13 | Research | Scale Mail Armor |
| 20:18 | Create | Villager (Male) |
| 20:18 | Create | Villager (Male) |
| 20:25 | Build | Farm |
| 20:53 | Create | Villager (Male) |
| 20:53 | Create | Villager (Male) |
| 20:54 | Create | Villager (Male) |
| 20:54 | Create | Villager (Male) |
| 20:54 | Create | Villager (Male) |
| 20:54 | Create | Villager (Male) |
| 20:55 | Create | Villager (Male) |
| 20:55 | Create | Villager (Male) |
| 20:55 | Create | Villager (Male) |
| 20:56 | Create | Villager (Male) |
| 20:56 | Create | Villager (Male) |
| 20:56 | Create | Villager (Male) |
| 20:57 | Create | Villager (Male) |
| 20:57 | Create | Villager (Male) |
| 20:57 | Create | Villager (Male) |
| 20:58 | Create | Villager (Male) |
| 21:07 | Build | Castle |
| 21:12 | Build | Monastery |
| 21:45 | Build | Castle |
| 21:51 | Build | Farm |
| 21:56 | Build | Farm |
| 22:07 | Create | Monk |
| 22:27 | Research | Fortified Wall (upgrade) |
| 22:29 | Research | Guard Tower (upgrade) |
| 22:31 | Research | Heated Shot |
| 22:38 | Research | Bodkin Arrow |
| 22:39 | Research | Iron Casting |
| 22:40 | Research | Padded Archer Armor |
| 22:42 | Research | Chain Mail Armor |
| 22:43 | Research | Scale Barding Armor |
| 23:23 | Build | Farm |
| 23:42 | Research | Imperial Age |
| 24:07 | Build | House |
| 24:09 | Build | House |
| 24:11 | Build | House |
| 24:14 | Build | House |
| 24:17 | Research | Caravan |
| 24:18 | Create | Trade Cart |
| 24:18 | Create | Trade Cart |
| 24:19 | Create | Trade Cart |
| 24:19 | Create | Trade Cart |
| 24:19 | Create | Trade Cart |
Build order — 打死不投降
First 150 of 817 actions detected
| 0:08 | Create | Villager (Male) ×4 |
| 0:08 | Create | Villager (Male) ×4 |
| 0:17 | Build | Farm |
| 0:19 | Build | Farm |
| 0:20 | Build | Farm |
| 0:22 | Build | Farm |
| 0:23 | Build | Farm |
| 0:38 | Build | Farm |
| 0:49 | Build | House |
| 0:52 | Build | House |
| 0:52 | Build | House |
| 0:53 | Build | House |
| 0:53 | Build | House |
| 0:54 | Build | House |
| 0:54 | Build | House |
| 0:54 | Build | House |
| 0:55 | Build | House |
| 0:55 | Build | House |
| 0:55 | Build | House |
| 0:55 | Build | House |
| 0:56 | Build | House |
| 0:56 | Build | House |
| 0:56 | Build | House |
| 0:57 | Build | House |
| 0:57 | Build | House |
| 0:57 | Build | House |
| 1:11 | Build | Farm |
| 1:40 | Create | Villager (Male) |
| 1:40 | Create | Villager (Male) |
| 1:40 | Create | Villager (Male) |
| 1:41 | Create | Villager (Male) |
| 2:51 | Build | Market |
| 3:16 | Create | Villager (Male) |
| 3:17 | Create | Villager (Male) |
| 3:17 | Create | Villager (Male) |
| 3:18 | Create | Villager (Male) |
| 3:18 | Create | Villager (Male) |
| 3:50 | Build | Stone Wall |
| 4:01 | Build | House |
| 4:01 | Build | House |
| 4:02 | Build | House |
| 4:03 | Build | House |
| 4:03 | Build | House |
| 4:06 | Build | House |
| 4:42 | Build | Farm |
| 4:44 | Build | Farm |
| 4:47 | Build | Farm |
| 4:51 | Build | Farm |
| 4:53 | Build | Farm |
| 5:06 | Create | Villager (Male) |
| 5:07 | Create | Villager (Male) |
| 5:08 | Create | Villager (Male) |
| 5:08 | Create | Villager (Male) |
| 5:47 | Build | Lumber Camp |
| 6:32 | Build | Farm |
| 6:34 | Build | Farm |
| 6:37 | Build | Farm |
| 6:39 | Build | Farm |
| 6:40 | Build | Farm |
| 6:51 | Build | Mining Camp |
| 7:01 | Research | Castle Age |
| 7:07 | Build | House |
| 7:07 | Build | House |
| 7:09 | Build | House |
| 7:10 | Build | House |
| 7:11 | Build | House |
| 7:13 | Build | House |
| 7:13 | Build | House |
| 7:13 | Build | House |
| 7:14 | Build | House |
| 7:49 | Research | Stone Mining |
| 7:50 | Research | Gold Mining |
| 7:54 | Research | Horse Collar |
| 7:59 | Research | Double-Bit Axe |
| 8:21 | Build | Stone Wall |
| 9:09 | Build | Gate |
| 9:38 | Create | Villager (Male) |
| 9:38 | Create | Villager (Male) |
| 9:38 | Create | Villager (Male) |
| 9:38 | Create | Villager (Male) |
| 9:53 | Age | Castle Age |
| 10:15 | Build | Mining Camp |
| 10:38 | Build | Mining Camp |
| 10:54 | Build | House |
| 10:54 | Build | House |
| 10:55 | Build | House |
| 10:58 | Build | House |
| 10:59 | Build | House |
| 10:59 | Build | House |
| 11:00 | Build | House |
| 11:00 | Build | House |
| 11:01 | Build | House |
| 11:01 | Build | House |
| 11:37 | Build | Town Center |
| 11:54 | Create | Villager (Male) |
| 11:54 | Create | Villager (Male) |
| 11:55 | Create | Villager (Male) |
| 11:55 | Create | Villager (Male) |
| 11:55 | Create | Villager (Male) |
| 11:55 | Create | Villager (Male) |
| 11:56 | Create | Villager (Male) |
| 11:56 | Create | Villager (Male) |
| 12:27 | Build | Town Center |
| 12:40 | Research | Bow Saw |
| 12:47 | Research | Stone Shaft Mining |
| 12:48 | Research | Gold Shaft Mining |
| 14:27 | Create | Villager (Male) ×5 |
| 14:28 | Create | Villager (Male) ×5 |
| 14:28 | Create | Villager (Male) ×5 |
| 14:46 | Build | Farm |
| 14:47 | Build | Farm |
| 15:10 | Build | Town Center |
| 15:55 | Build | House |
| 15:56 | Build | House |
| 15:56 | Build | House |
| 15:57 | Build | House |
| 15:59 | Build | House |
| 15:59 | Build | House |
| 16:00 | Build | House |
| 16:01 | Build | House |
| 16:01 | Build | House |
| 16:01 | Build | House |
| 16:02 | Build | House |
| 16:03 | Build | House |
| 16:03 | Build | House |
| 16:04 | Build | House |
| 16:05 | Build | House |
| 16:06 | Build | House |
| 16:10 | Build | House |
| 16:10 | Build | House |
| 16:11 | Build | House |
| 16:11 | Build | House |
| 16:14 | Build | House |
| 16:22 | Create | Villager (Male) ×5 |
| 16:22 | Create | Villager (Male) ×5 |
| 16:22 | Create | Villager (Male) ×5 |
| 16:22 | Create | Villager (Male) |
| 17:09 | Build | Farm |
| 17:10 | Build | Farm |
| 17:12 | Build | Farm |
| 17:13 | Build | Farm |
| 17:15 | Build | Farm |
| 17:17 | Build | Farm |
| 17:18 | Build | Farm |
| 17:20 | Build | Farm |
| 17:21 | Build | Farm |
| 17:22 | Build | Farm |
| 17:23 | Build | Farm |
| 17:25 | Build | Farm |
| 17:26 | Build | Farm |
Build order — Noobman
First 150 of 1210 actions detected
| 0:10 | Create | Villager (Male) |
| 0:11 | Create | Villager (Male) |
| 0:11 | Create | Villager (Male) |
| 1:16 | Build | Market |
| 1:32 | Research | Horse Collar |
| 1:37 | Research | Double-Bit Axe |
| 1:50 | Create | Villager (Male) |
| 1:50 | Create | Villager (Male) |
| 1:51 | Create | Villager (Male) |
| 1:58 | Create | Villager (Male) |
| 2:16 | Build | House |
| 2:17 | Build | House |
| 2:51 | Research | Wheelbarrow |
| 2:56 | Create | Villager (Male) |
| 2:56 | Create | Villager (Male) |
| 3:28 | Build | Lumber Camp |
| 4:35 | Build | Mill |
| 4:44 | Build | Mining Camp |
| 4:49 | Build | Farm |
| 4:51 | Build | Farm |
| 4:54 | Create | Villager (Male) |
| 4:55 | Create | Villager (Male) |
| 5:03 | Build | Farm |
| 5:05 | Build | Farm |
| 5:20 | Build | Farm |
| 5:21 | Build | Farm |
| 5:30 | Build | Farm |
| 5:49 | Build | Farm |
| 5:53 | Build | Farm |
| 5:55 | Build | Farm |
| 5:58 | Build | Farm |
| 5:59 | Build | Farm |
| 6:05 | Build | Farm |
| 6:08 | Build | Farm |
| 6:10 | Build | Farm |
| 6:18 | Research | Castle Age |
| 6:32 | Build | Mill |
| 6:42 | Build | Farm |
| 7:10 | Research | Forging |
| 7:12 | Research | Scale Barding Armor |
| 7:30 | Build | Farm |
| 7:48 | Build | Lumber Camp |
| 8:07 | Research | Town Watch |
| 8:18 | Research | Stone Mining |
| 8:22 | Research | Gold Mining |
| 8:58 | Age | Castle Age |
| 9:07 | Build | Town Center |
| 9:10 | Research | Hand Cart |
| 9:15 | Research | Bow Saw |
| 9:27 | Research | Heavy Plow |
| 9:37 | Build | Town Center |
| 9:41 | Create | Villager (Male) |
| 9:41 | Create | Villager (Male) |
| 9:42 | Create | Villager (Male) |
| 9:42 | Create | Villager (Male) |
| 9:42 | Create | Villager (Male) |
| 9:57 | Build | House |
| 9:59 | Build | House |
| 10:00 | Build | House |
| 10:02 | Build | House |
| 10:13 | Build | Farm |
| 10:19 | Create | Villager (Male) |
| 10:19 | Create | Villager (Male) |
| 10:54 | Create | Villager (Male) |
| 10:55 | Create | Villager (Male) |
| 10:55 | Create | Villager (Male) |
| 10:55 | Create | Villager (Male) |
| 10:58 | Create | Villager (Male) |
| 10:59 | Create | Villager (Male) |
| 10:59 | Create | Villager (Male) |
| 11:04 | Build | Farm |
| 11:07 | Build | Farm |
| 11:30 | Create | Villager (Male) |
| 11:32 | Create | Villager (Male) |
| 11:32 | Create | Villager (Male) |
| 11:33 | Create | Villager (Male) |
| 11:33 | Create | Villager (Male) |
| 11:33 | Create | Villager (Male) |
| 12:00 | Build | Town Center |
| 12:08 | Build | Mining Camp |
| 12:11 | Build | House |
| 12:13 | Build | House |
| 12:24 | Create | Villager (Male) |
| 12:26 | Create | Villager (Male) |
| 12:31 | Create | Villager (Male) |
| 12:32 | Create | Villager (Male) |
| 12:43 | Build | Farm |
| 12:45 | Build | Farm |
| 12:46 | Build | Farm |
| 13:25 | Create | Villager (Male) |
| 13:26 | Create | Villager (Male) |
| 13:30 | Research | Fletching |
| 13:57 | Research | Stone Shaft Mining |
| 14:01 | Research | Iron Casting |
| 14:09 | Build | University |
| 14:14 | Build | Farm |
| 14:17 | Create | Villager (Male) |
| 14:18 | Create | Villager (Male) |
| 14:18 | Create | Villager (Male) |
| 14:18 | Create | Villager (Male) |
| 14:19 | Create | Villager (Male) |
| 14:19 | Create | Villager (Male) |
| 14:23 | Create | Villager (Male) |
| 14:24 | Create | Villager (Male) |
| 14:27 | Create | Villager (Male) |
| 14:27 | Create | Villager (Male) |
| 14:27 | Create | Villager (Male) |
| 14:28 | Create | Villager (Male) |
| 15:14 | Build | Town Center |
| 15:28 | Build | Farm |
| 15:29 | Build | Farm |
| 15:33 | Create | Villager (Male) |
| 15:38 | Create | Villager (Male) |
| 15:38 | Create | Villager (Male) |
| 15:39 | Create | Villager (Male) |
| 15:44 | Build | Farm |
| 15:46 | Build | Farm |
| 15:47 | Build | Farm |
| 15:49 | Build | Farm |
| 15:54 | Build | Farm |
| 15:58 | Build | Farm |
| 16:03 | Build | Farm |
| 16:34 | Create | Villager (Male) |
| 16:34 | Create | Villager (Male) |
| 16:35 | Create | Villager (Male) |
| 16:35 | Create | Villager (Male) |
| 16:49 | Build | Barracks |
| 16:53 | Create | Villager (Male) |
| 16:53 | Create | Villager (Male) |
| 16:56 | Create | Villager (Male) |
| 16:56 | Create | Villager (Male) |
| 16:56 | Create | Villager (Male) |
| 16:57 | Create | Villager (Male) |
| 16:57 | Create | Villager (Male) |
| 16:57 | Create | Villager (Male) |
| 16:58 | Create | Villager (Male) |
| 16:59 | Create | Villager (Male) |
| 16:59 | Create | Villager (Male) |
| 17:00 | Create | Villager (Male) |
| 17:00 | Create | Villager (Male) |
| 17:00 | Create | Villager (Male) |
| 17:00 | Create | Villager (Male) |
| 17:01 | Create | Villager (Male) |
| 17:01 | Create | Villager (Male) |
| 17:01 | Create | Villager (Male) |
| 17:02 | Create | Villager (Male) |
| 17:02 | Create | Villager (Male) |
| 17:19 | Research | Treadmill Crane |
| 17:22 | Research | Ballistics |
| 17:31 | Build | Farm |
Build order — BubbaBaelor
First 150 of 1292 actions detected
| 0:01 | Create | Villager (Male) ×4 |
| 0:32 | Build | Market |
| 1:04 | Create | Villager (Male) |
| 1:41 | Build | Mill |
| 2:00 | Create | Villager (Male) |
| 2:08 | Build | House |
| 2:10 | Build | House |
| 2:30 | Create | Villager (Male) |
| 2:48 | Create | Villager (Male) |
| 3:43 | Create | Villager (Male) |
| 4:07 | Research | Castle Age |
| 4:07 | Research | Castle Age |
| 4:39 | Build | Farm |
| 4:40 | Build | Farm |
| 4:40 | Build | Farm |
| 4:41 | Build | Farm |
| 4:41 | Build | Farm |
| 4:41 | Build | Farm |
| 4:42 | Build | Farm |
| 5:36 | Research | Horse Collar |
| 5:38 | Research | Double-Bit Axe |
| 6:07 | Build | Farm |
| 6:11 | Build | Farm |
| 6:18 | Build | Farm |
| 6:26 | Build | Farm |
| 6:48 | Age | Castle Age |
| 6:50 | Build | Monastery |
| 6:53 | Build | Town Center |
| 7:06 | Research | Bow Saw |
| 7:26 | Create | Missionary |
| 7:46 | Build | Town Center |
| 7:49 | Create | Villager (Male) |
| 7:49 | Create | Villager (Male) |
| 7:50 | Create | Villager (Male) |
| 7:50 | Create | Villager (Male) |
| 7:55 | Create | Villager (Male) |
| 7:56 | Create | Villager (Male) |
| 7:56 | Create | Villager (Male) |
| 7:57 | Create | Villager (Male) |
| 8:17 | Create | Villager (Male) ×5 |
| 9:25 | Create | Villager (Male) ×5 |
| 9:53 | Build | Monastery |
| 10:21 | Build | Town Center |
| 10:45 | Build | House |
| 11:13 | Build | Castle |
| 11:38 | Research | Fervor |
| 12:15 | Create | Villager (Male) |
| 12:15 | Create | Villager (Male) |
| 12:15 | Create | Villager (Male) |
| 12:16 | Create | Villager (Male) |
| 12:16 | Create | Villager (Male) |
| 12:17 | Create | Villager (Male) |
| 12:58 | Build | House |
| 13:01 | Build | House |
| 13:04 | Build | House |
| 13:14 | Build | House |
| 13:17 | Build | House |
| 13:26 | Create | Conquistador |
| 13:26 | Create | Conquistador |
| 13:26 | Create | Conquistador |
| 13:42 | Create | Conquistador |
| 13:43 | Create | Conquistador |
| 13:43 | Create | Conquistador |
| 13:57 | Build | Monastery |
| 14:11 | Create | Villager (Male) ×5 |
| 14:12 | Create | Conquistador |
| 14:13 | Create | Conquistador |
| 14:21 | Build | Monastery |
| 14:31 | Create | Villager (Male) ×4 |
| 14:49 | Create | Monk |
| 15:00 | Create | Conquistador |
| 15:10 | Create | Missionary |
| 16:25 | Research | Redemption |
| 16:36 | Create | Conquistador |
| 16:45 | Build | Monastery |
| 16:51 | Create | Missionary |
| 17:11 | Build | Farm |
| 17:11 | Build | Farm |
| 17:11 | Build | Farm |
| 17:12 | Build | Farm |
| 17:12 | Build | Farm |
| 17:12 | Build | Farm |
| 17:13 | Build | Farm |
| 17:13 | Build | Farm |
| 17:14 | Build | Farm |
| 17:17 | Create | Villager (Male) ×5 |
| 17:18 | Create | Villager (Male) ×5 |
| 17:20 | Build | Lumber Camp |
| 17:25 | Build | Farm |
| 17:26 | Build | Farm |
| 18:27 | Build | Castle |
| 18:30 | Build | House |
| 18:31 | Build | House |
| 18:31 | Build | House |
| 18:31 | Build | House |
| 18:32 | Build | House |
| 18:32 | Build | House |
| 18:32 | Build | House |
| 18:33 | Build | House |
| 18:33 | Build | House |
| 18:34 | Build | House |
| 18:34 | Build | House |
| 18:34 | Build | House |
| 18:35 | Build | House |
| 18:35 | Build | House |
| 18:39 | Create | Villager (Male) ×5 |
| 18:39 | Create | Villager (Male) ×5 |
| 18:39 | Create | Villager (Male) ×2 |
| 18:41 | Build | Farm |
| 18:45 | Build | Mill |
| 18:46 | Build | Farm |
| 18:47 | Build | Farm |
| 18:47 | Build | Farm |
| 18:47 | Build | Farm |
| 18:47 | Build | Farm |
| 18:48 | Build | Farm |
| 18:48 | Build | Farm |
| 18:48 | Build | Farm |
| 18:49 | Build | Farm |
| 18:49 | Build | Farm |
| 18:49 | Build | Farm |
| 18:50 | Build | Farm |
| 18:50 | Build | Farm |
| 18:59 | Create | Villager (Male) ×4 |
| 19:00 | Create | Villager (Male) ×4 |
| 19:28 | Research | Devotion |
| 19:29 | Research | Sanctity |
| 19:34 | Build | Farm |
| 19:36 | Build | Farm |
| 20:19 | Build | University |
| 20:22 | Build | Farm |
| 20:24 | Build | Farm |
| 20:26 | Build | Farm |
| 20:35 | Research | Gold Mining |
| 20:38 | Build | Lumber Camp |
| 20:42 | Research | Heavy Plow |
| 20:46 | Build | Mill |
| 20:47 | Build | Farm |
| 20:47 | Build | Farm |
| 20:48 | Build | Farm |
| 20:48 | Build | Farm |
| 20:49 | Build | Farm |
| 21:00 | Create | Villager (Male) ×5 |
| 21:01 | Create | Villager (Male) ×5 |
| 21:12 | Create | Conquistador |
| 21:13 | Create | Conquistador |
| 21:21 | Build | Siege Workshop |
| 21:34 | Build | Farm |
| 21:34 | Build | Farm |
| 21:35 | Build | Farm |
Build order — mohitag4563
1 actions detected in the replay
| 2:27 | Build | Gate |
Build order — eli_1
First 150 of 1384 actions detected
| 0:29 | Create | Villager (Male) |
| 0:30 | Create | Villager (Male) |
| 0:30 | Create | Villager (Male) |
| 0:51 | Build | House |
| 0:54 | Build | House |
| 0:55 | Build | House |
| 1:00 | Build | House |
| 1:02 | Create | Villager (Male) |
| 1:05 | Research | Double-Bit Axe |
| 1:14 | Build | Farm |
| 1:24 | Create | Villager (Male) |
| 2:01 | Create | Spearman |
| 2:26 | Create | Villager (Male) |
| 2:31 | Create | Villager (Male) |
| 2:50 | Build | House |
| 2:54 | Build | House |
| 2:55 | Build | House |
| 2:57 | Build | House |
| 3:00 | Create | Villager (Male) |
| 3:35 | Create | Villager (Male) |
| 5:05 | Research | Castle Age |
| 5:10 | Build | House |
| 5:12 | Build | House |
| 5:18 | Build | Farm |
| 5:19 | Build | Farm |
| 5:20 | Build | Farm |
| 5:20 | Build | Farm |
| 5:22 | Build | Farm |
| 5:35 | Research | Gold Mining |
| 5:52 | Build | Farm |
| 5:57 | Build | Farm |
| 6:02 | Build | Farm |
| 6:07 | Build | Farm |
| 6:24 | Build | Farm |
| 6:28 | Build | House |
| 6:30 | Build | House |
| 6:57 | Research | Wheelbarrow |
| 7:12 | Build | Mining Camp |
| 7:22 | Build | Farm |
| 7:24 | Build | Farm |
| 7:45 | Age | Castle Age |
| 8:05 | Build | Lumber Camp |
| 8:10 | Build | House |
| 8:11 | Build | House |
| 8:18 | Build | Farm |
| 8:24 | Create | Villager (Male) |
| 9:04 | Research | Pikeman (upgrade) |
| 9:07 | Create | Spearman |
| 9:08 | Create | Spearman |
| 9:15 | Build | House |
| 9:16 | Build | House |
| 9:29 | Research | Bow Saw |
| 9:33 | Research | Horse Collar |
| 9:39 | Create | Villager (Male) |
| 9:42 | Create | Villager (Male) |
| 9:53 | Build | Town Center |
| 9:56 | Create | Villager (Male) |
| 10:19 | Build | Town Center |
| 10:21 | Create | Villager (Male) |
| 10:38 | Build | Siege Workshop |
| 10:40 | Create | Villager (Male) |
| 10:59 | Build | Market |
| 11:11 | Create | Villager (Male) |
| 11:12 | Create | Villager (Male) |
| 11:12 | Create | Villager (Male) |
| 11:16 | Research | Heavy Plow |
| 11:25 | Build | Farm |
| 11:29 | Build | Farm |
| 11:35 | Create | Mangonel |
| 11:53 | Build | House |
| 11:56 | Build | House |
| 11:58 | Build | House |
| 11:59 | Build | House |
| 12:01 | Build | House |
| 12:02 | Build | House |
| 12:16 | Create | Villager (Male) |
| 12:16 | Create | Villager (Male) |
| 12:17 | Create | Villager (Male) |
| 12:17 | Create | Villager (Male) |
| 12:26 | Create | Villager (Male) |
| 12:27 | Create | Villager (Male) |
| 12:52 | Create | Villager (Male) |
| 12:52 | Create | Villager (Male) |
| 12:59 | Create | Trade Cart |
| 13:56 | Build | Town Center |
| 13:58 | Create | Villager (Male) |
| 13:59 | Create | Villager (Male) |
| 13:59 | Create | Villager (Male) |
| 13:59 | Create | Villager (Male) |
| 13:59 | Create | Villager (Male) |
| 14:00 | Create | Villager (Male) |
| 14:00 | Create | Villager (Male) |
| 14:00 | Create | Villager (Male) |
| 14:00 | Create | Villager (Male) |
| 14:01 | Create | Villager (Male) |
| 14:11 | Create | Villager (Male) |
| 14:11 | Create | Villager (Male) |
| 14:19 | Research | Imperial Age |
| 14:28 | Build | House |
| 14:29 | Build | House |
| 14:48 | Research | Hand Cart |
| 15:38 | Build | Town Center |
| 15:46 | Build | House |
| 15:49 | Build | House |
| 15:50 | Build | House |
| 15:52 | Build | House |
| 15:58 | Build | Stable |
| 16:07 | Create | Villager (Male) |
| 16:08 | Create | Villager (Male) |
| 16:08 | Create | Villager (Male) |
| 16:08 | Create | Villager (Male) |
| 16:09 | Create | Villager (Male) |
| 16:09 | Create | Villager (Male) |
| 16:09 | Create | Villager (Male) |
| 16:09 | Create | Villager (Male) |
| 16:10 | Create | Villager (Male) |
| 16:10 | Create | Villager (Male) |
| 16:10 | Create | Villager (Male) |
| 16:43 | Build | Farm |
| 16:49 | Build | Farm |
| 16:56 | Build | Farm |
| 16:56 | Create | Villager (Male) |
| 16:57 | Create | Villager (Male) |
| 16:57 | Create | Villager (Male) |
| 16:57 | Create | Villager (Male) |
| 16:58 | Create | Villager (Male) |
| 16:58 | Create | Villager (Male) |
| 16:58 | Create | Villager (Male) |
| 17:06 | Create | Villager (Male) |
| 17:06 | Create | Villager (Male) |
| 17:20 | Create | Villager (Male) |
| 17:21 | Create | Villager (Male) |
| 17:25 | Create | Villager (Male) |
| 17:25 | Create | Villager (Male) |
| 17:33 | Age | Imperial Age |
| 17:41 | Build | Lumber Camp |
| 17:44 | Create | Villager (Male) |
| 17:46 | Create | Villager (Male) |
| 17:48 | Create | Villager (Male) |
| 17:55 | Build | Farm |
| 17:55 | Build | Farm |
| 17:56 | Build | Farm |
| 17:56 | Build | Farm |
| 17:56 | Build | Farm |
| 17:57 | Build | Farm |
| 17:57 | Build | Farm |
| 17:58 | Build | Farm |
| 18:09 | Create | Villager (Male) |
| 18:09 | Create | Villager (Male) |
| 18:10 | Create | Villager (Male) |
Match timeline
| 3:50 | 打死不投降 · wall_segment Stone Wall x30 |
| 4:07 | fx17888 · wall_segment Stone Wall x4 |
| 4:19 | fx17888 · wall_segment Stone Wall x1 |
| 4:21 | fx17888 · wall_segment Stone Wall x1 |
| 4:22 | fx17888 · wall_segment Stone Wall x1 |
| 4:23 | fx17888 · wall_segment Stone Wall x1 |
| 4:24 | fx17888 · wall_segment Stone Wall x1 |
| 6:26 | Lumpercigo · age_up castle |
| 6:48 | BubbaBaelor · age_up castle |
| 6:50 | BubbaBaelor · first_building Monastery |
| 7:23 | BubbaBaelor · first_market_sell 100 food |
| 7:26 | mohitag4563 · resign |
| 7:45 | eli_1 · age_up castle |
| 7:48 | fx17888 · age_up castle |
| 7:56 | Ts1ns1n · age_up castle |
| 8:21 | 打死不投降 · wall_segment Stone Wall x1 |
| 8:24 | fx17888 · first_building Monastery |
| 8:58 | Noobman · age_up castle |
| 9:27 | fx17888 · first_building Barracks |
| 9:31 | fx17888 · first_building Siege Workshop |
| 9:53 | 打死不投降 · age_up castle |
| 10:27 | BubbaBaelor · first_market_buy 500 stone |
| 10:38 | eli_1 · first_building Siege Workshop |
| 11:13 | BubbaBaelor · first_building Castle |
| 15:44 | fx17888 · first_building Castle |
| 15:58 | eli_1 · first_building Stable |
| 16:49 | Noobman · first_building Barracks |
| 17:33 | eli_1 · age_up imperial |
| 17:53 | Ts1ns1n · first_building Monastery |
| 18:10 | Noobman · first_building Stable |
| 19:11 | 打死不投降 · first_building Monastery |
| 20:09 | Ts1ns1n · first_building Castle |
| 20:31 | eli_1 · first_building Castle |
| 20:54 | Noobman · first_building Monastery |
| 21:07 | Lumpercigo · first_building Castle |
| 21:12 | Lumpercigo · first_building Monastery |
| 21:21 | BubbaBaelor · first_building Siege Workshop |
| 21:31 | 打死不投降 · first_building Siege Workshop |
| 22:15 | Noobman · first_building Castle |
| 22:27 | BubbaBaelor · first_building Barracks |
| 24:26 | Noobman · age_up imperial |
| 24:33 | Ts1ns1n · first_building Siege Workshop |
| 25:33 | 打死不投降 · age_up imperial |
| 25:47 | BubbaBaelor · age_up imperial |
| 26:06 | Ts1ns1n · age_up imperial |
| 26:23 | BubbaBaelor · first_building Stable |
| 26:48 | 打死不投降 · first_building Stable |
| 26:52 | Lumpercigo · age_up imperial |
| 27:42 | fx17888 · first_building Stable |
| 28:07 | Lumpercigo · first_building Barracks |
| 28:32 | 打死不投降 · first_building Castle |
| 29:08 | fx17888 · age_up imperial |
| 30:48 | Ts1ns1n · first_building Barracks |
| 31:50 | Lumpercigo · first_building Stable |
| 32:05 | Noobman · first_building Siege Workshop |
| 38:27 | Ts1ns1n · tribute_sent a jugador 1 |
| 38:27 | Ts1ns1n · tribute_sent a jugador 2 |
| 38:27 | Ts1ns1n · tribute_sent a jugador 3 |
| 38:27 | Ts1ns1n · tribute_sent a jugador 5 |
| 38:27 | Ts1ns1n · tribute_sent a jugador 6 |
| 38:27 | Ts1ns1n · tribute_sent a jugador 7 |
| 38:27 | Ts1ns1n · tribute_sent a jugador 8 |
| 41:34 | BubbaBaelor · first_building Archery Range |
| 45:33 | eli_1 · first_market_buy 100 stone |
| 46:48 | Ts1ns1n · first_market_buy 500 stone |
| 46:53 | Ts1ns1n · first_market_sell 500 food |
| 47:37 | eli_1 · first_building Archery Range |
| 48:37 | eli_1 · first_building Monastery |
| 52:28 | eli_1 · first_building Barracks |
| 55:10 | Lumpercigo · first_market_sell 100 wood |
| 63:06 | fx17888 · first_market_buy 500 stone |
| 66:26 | Noobman · first_market_sell 500 wood |
| 82:40 | BubbaBaelor · wall_segment Stone Wall x1 |
| 84:45 | fx17888 · first_market_sell 500 wood |
| 86:12 | BubbaBaelor · wall_segment Stone Wall x6 |
| 87:28 | BubbaBaelor · wall_segment Stone Wall x1 |
| 88:10 | 打死不投降 · first_building Barracks |
| 99:16 | BubbaBaelor · wall_segment Stone Wall x6 |
| 99:36 | BubbaBaelor · wall_segment Stone Wall x4 |
| 122:06 | BubbaBaelor · tribute_sent a jugador 1 |
| 122:06 | BubbaBaelor · tribute_sent a jugador 2 |
| 122:06 | BubbaBaelor · tribute_sent a jugador 3 |
| 122:06 | BubbaBaelor · tribute_sent a jugador 4 |
| 122:06 | BubbaBaelor · tribute_sent a jugador 5 |
| 122:06 | BubbaBaelor · tribute_sent a jugador 7 |
| 122:06 | BubbaBaelor · tribute_sent a jugador 8 |
[ AI ANALYSIS · 1 CREDIT ]
What really happened in this match?
Wolo.gg analyzes every decision: build order, eco, micro, common mistakes by bracket. Personalized analysis on WhatsApp or Discord in 30 seconds.
Civ guide
Bohemians
Perfil
Ts1ns1n